cohdb
Replays
Latest Replays
All Replays
Popular Replays
Top Player Replays
Match Explorer
How It Works
Community
CoH3 Stats
Reddit
Sign in to upload your games and track your stats! →
Sign in with Steam
Match 31213614
Unlisted
Match 31213614
Overview
Messages
Build Orders
End
Panzergrenadier Squad
Selects Italian Infantry
Kradschützen Motorcycle Team
Kradschützen Motorcycle Team
Construct Light Support Kompanie
Assault Grenadier Squad
2.5-tonne Medical Truck
Selects Guastatori Squad
Selects L6/40 Light Tank Combat Group
Guastatori Squad
L6/40 Light Tank Combat Group
Guastatori Squad
SJ
RAFALE94
一袋米要抗几楼一袋米要抗二楼抗到楼上洗洗泥
我游骑这一抽!我草怎么把阳寿抽没了!
Starskream
Nukepapa
VIthCents
GeorgeLe
0
0
Comments
sign in to comment!
No comments posted yet!